 Dungeon Crawl Stone Soup version 0.19.1-1-g22dce08 (webtiles) character file.

347 esteth the Spear-Bearer (level 6, -5/44 HPs)
             Began as a Merfolk Skald on Jan 3, 2017.
             Slain by esteth's ghost (23 damage)
             ... on level 4 of the Dungeon.
             The game lasted 00:10:34 (4441 turns).

esteth the Spear-Bearer (Merfolk Skald)             Turns: 4441, Time: 00:10:35

Health: -5/44      AC:  4    Str: 14    XL:     6   Next: 59%
Magic:  9/9        EV: 13    Int: 14    God:
Gold:   216        SH:  0    Dex: 13    Spells: 2 memorised, 6 levels left

rFire  . . .     SeeInvis .     a - +0 spear
rCold  . . .     Gourm    .     b - +0 leather armour
rNeg   . . .     Faith    .     (no shield)
rPois  .         Spirit   .     (no helmet)
rElec  .         Reflect  .     (no cloak)
rCorr  .         Harm     .     (no gloves)
MR     .....                    j - +0 pair of boots
Stlth  +.........               (no amulet)
                                s - +2 ring of evasion
                                l - +2 ring of strength

@: no status effects
A: change form in water, swift swim, stealthy swim
a: no special abilities


You were on level 4 of the Dungeon.
You were very hungry.

You visited 1 branch of the dungeon, and saw 4 of its levels.
You also visited: Sewer.

You collected 216 gold pieces.

Inventory:

Hand Weapons
 a - a +0 spear (weapon)
Missiles
 f - 2 tomahawks of returning (quivered)
 n - 2 silver tomahawks
Armour
 b - a +0 leather armour (worn)
 j - a +0 pair of boots (worn)
Jewellery
 l - a +2 ring of strength (left hand)
 r - an uncursed ring of flight
 s - a +2 ring of evasion (right hand)
Wands
 m - a wand of paralysis (12/24)
Scrolls
 e - 4 scrolls of identify {unknown}
 h - 2 scrolls of recharging {unknown}
 i - 2 scrolls of amnesia {unknown}
 k - a scroll of noise {unknown}
 p - 2 scrolls of teleportation {unknown}
 q - a scroll of fog {unknown}
 w - a scroll of remove curse {unknown}
Potions
 t - a potion of heal wounds
 u - a potion of curing
 v - a potion of magic
 z - a potion of degeneration {unknown}
 A - a potion of brilliance {unknown}
Books
 c - a book of Battle

   Spells                             Type                      Level
   a - Infusion                       Charms                       1
   b - Shroud of Golubria             Charms/Translocation         2
   c - Song of Slaying                Charms                       2
   d - Spectral Weapon                Hexes/Charms                 3
   e - Regeneration                   Charms/Necromancy            3
Comestibles
 d - 3 bread rations
 g - 3 slices of pizza
 o - 2 fruits
 x - a beef jerky


   Skills:
 - Level 2.1 Fighting
 - Level 9.7 Polearms
 - Level 0.6 Armour
 - Level 1.3 Dodging
 - Level 2.0 Spellcasting
 + Level 3.2 Charms


You had 6 spell levels left.
You knew the following spells:

 Your Spells              Type           Power        Failure   Level  Hunger
a - Infusion              Chrm           ##..         10%         1    ##.....
b - Song of Slaying       Chrm           ##......     14%         2    ###....


Dungeon Overview and Level Annotations

Branches:
Dungeon (4/15)
 Temple: D:4-7

Altars:

Annotations:
D:4 esteth's ghost, novice OgBe


Message History

Aim: esteth's ghost You throw a tomahawk of returning.
The tomahawk of returning barely misses esteth's ghost.
The tomahawk of returning fails to return to your pack!
Throwing (i - inventory. (,) - cycle):
f - 4 tomahawks of returning (quivered)
Press: ? - help, Shift-Dir - straight line, f/p - esteth's ghost
Aim: esteth's ghost You throw a tomahawk of returning.
The tomahawk of returning hits esteth's ghost but does no damage.
The tomahawk of returning fails to return to your pack!
Throwing (i - inventory. (,) - cycle):
f - 3 tomahawks of returning (quivered)
Press: ? - help, Shift-Dir - straight line, f/p - esteth's ghost
Aim: esteth's ghost You throw a tomahawk of returning.
The tomahawk of returning misses esteth's ghost.
The tomahawk of returning fails to return to your pack!
Esteth's ghost hits you! x2
Esteth's ghost hits you!!
Ouch! That really hurt!
You die...

#####################
......##.......#.....
.....##.#####.#.#..#
.....##.# #.#.#...
#####...##.#####.#.#..#
...................>.#
#...........#..#.#.#
#..@....###........# #
#.)W.##.# #.#....... ..
#.)(.##.# #.#.......
#.#....##.# #.#....#.#
#.........###.#...##.#
####.......#.......##.#
......(....#.#.##.###.#
...####'#(.#+#.....##.#
......#.........######.#


You could see esteth's ghost.

Vanquished Creatures
  The ghost of Alarkh the Chopper, an amateur DsMo (D:3)
  A hound (D:3)
  Terence (D:2)
  5 adders
  A river rat (D:3)
  An ooze (D:2)
  5 worms
  A dart slug (D:2)
  5 leopard geckos
  5 orcs
  4 giant cockroaches (D:3)
  9 goblins
  5 hobgoblins
  2 jackals (D:2)
  5 quokkas
  3 ball pythons (Sewer)
  10 bats
  6 frilled lizards
  6 kobolds
  8 rats
84 creatures vanquished.

Notes
Turn   | Place    | Note
-------+----------+-------------------------------------------
     0 | D:1      | esteth the Merfolk Skald began the quest for the Orb.
     0 | D:1      | Reached XP level 1. HP: 16/16 MP: 3/3
   113 | D:1      | Reached skill level 4 in Polearms
   113 | D:1      | Reached XP level 2. HP: 18/22 MP: 5/5
  1070 | D:2      | Reached skill level 5 in Polearms
  1070 | D:2      | Reached XP level 3. HP: 22/27 MP: 6/6
  1729 | D:2      | Noticed Terence
  1739 | D:2      | Killed Terence
  1739 | D:2      | Reached skill level 6 in Polearms
  1739 | D:2      | Reached XP level 4. HP: 19/33 MP: 7/7
  2420 | D:2      | Reached skill level 7 in Polearms
  2828 | D:3      | Noticed Alarkh's ghost (amateur DsMo)
  2855 | D:3      | Killed Alarkh's ghost
  2855 | D:3      | Reached skill level 8 in Polearms
  2855 | D:3      | Reached XP level 5. HP: 8/38 MP: 8/8
  2855 | D:3      | Reached XP level 6. HP: 9/44 MP: 9/9
  3118 | D:3      | Reached skill level 9 in Polearms
  3192 | D:3      | Found a glowing drain.
  3215 | Sewer    | Entered a sewer
  3389 | Sewer    | Noticed Purgy
  4342 | D:4      | Learned a level 2 spell: Song of Slaying
  4414 | D:4      | Noticed esteth's ghost (novice OgBe)
  4441 | D:4      | Slain by esteth's ghost

Skill      XL: |  1  2  3  4  5  6 |
---------------+-------------------+-----
Polearms       | 4 5 6 8 9 |  9.7
Fighting       | |  2.1
Armour         | |  0.6
Dodging        | |  1.3
Spellcasting   | |  2.0
Charms         | |  3.2

Action                   |  1- 3 |  4- 6 || total
-------------------------+-------+-------++-------
Melee: Spear             |   144 |   304 ||   448
       Tailslap          |       |     6 ||     6
Throw: Tomahawk          |       |     3 ||     3
  Use: Potion            |     4 |     6 ||    10
 Stab: Sleeping          |     2 |     5 ||     7
  Eat: Chunk             |     2 |     8 ||    10
Armor: Leather armour    |    25 |    45 ||    70
       Skin              |       |     2 ||     2
Dodge: Dodged            |    66 |   149 ||   215
